 Dungeon Crawl Stone Soup version 0.23.2-1-ga50397a (webtiles) character file.

Game seed: 17554803091606341339

595575 myga the Executioner (level 27, -2/264 HPs)
             Began as a Hill Orc Fighter on May 17, 2019.
             Was a High Priest of Beogh.
             Killed from afar by an orb of fire (41 damage)
             ... with a bolt of fire
             ... on level 5 of the Realm of Zot.
             The game lasted 08:30:29 (66007 turns).

myga the Executioner (Hill Orc Fighter)            Turns: 66007, Time: 08:30:59

Health: -2/264     AC: 41    Str: 34    XL:     27
Magic:  32/32      EV: 16    Int:  7    God:    Beogh [*****.]
Gold:   7095       SH: 20    Dex: 23    Spells: 26/26 levels left

rFire    + . .     SeeInvis +   F - +9 war axe (vamp)
rCold    + + .     Gourm    .   d - +1 shield {AC+3}
rNeg     + . .     Faith    .   q - +7 gold dragon scales
rPois    +         Spirit   .   (helmet unavailable)
rElec    +         Reflect  .   V - scarf {repulsion}
rCorr    .         Harm     .   Y - +2 pair of gloves
MR       ++++.     Rnd*Rage +   m - +0 pair of boots Stlth ..........Rnd*Tele +
                                k - necklace of Bloodlust {*Rage +Rage MR++ Int-3 Slay+6 *Curse} (curse)
HPRegen  0.54/turn              Q - ring of Lamnerey {+Fly rElec rPois rC+ Str+3}
MPRegen  0.23/turn              B - ring of Curiegog {rElec rN+ Str+7 Slay+2 SInv}

@: agile, berserk cooldown, slightly contaminated, hasted and slowed, repel
missiles
A: walk on water, antennae 3, hooves 2, slimy green scales 2, blurry vision 1,
clever 1, teleportitis 1, no potion heal 1, sturdy frame 1
}: 3/15 runes: decaying, silver, gossamer
a: Smiting, Recall Orcish Followers, Give Item to Named Follower, Renounce
Religion, Evoke Berserk Rage, Evoke Flight


You were on level 5 of the Realm of Zot.
You worshipped Beogh.
Beogh was extremely pleased with you.
You were very hungry.

You visited 10 branches of the dungeon, and saw 49 of its levels.
You visited the Abyss 1 time.
You visited 4 bazaars.
You also visited: Ice Cave.

You collected 9715 gold pieces.
You spent 2620 gold pieces at shops.

Inventory:

Hand Weapons
 F - a +9 vampiric war axe (weapon)
Missiles
 r - a throwing net
 J - 24 tomahawks (quivered)
Armour
 d - a +1 shield of protection (worn)
 m - a +0 pair of boots (worn)
 q - +7 gold dragon scales (worn)
 V - a scarf of repulsion (worn)
 Y - a +2 pair of gloves (worn)
Jewellery
 k - the cursed necklace of Bloodlust (around neck) {*Rage +Rage MR++ Int-3 Slay+6 *Curse}
   (You bought it in a shop in a bazaar)

   [amulet of rage]

   It affects your intelligence (-3).
   It affects your accuracy and damage with ranged weapons and melee attacks
   (+6).
   It affects your resistance to hostile enchantments.
   It lets you go berserk.
   It may make you go berserk in combat.
   It curses itself when equipped.
   It has a curse placed upon it.
 o - a +2 ring of strength
 B - the ring of Curiegog (right hand) {rElec rN+ Str+7 Slay+2 SInv}
   (You took it off a vault sentinel on level 5 of the Vaults)

   [ring of see invisible]

   It affects your strength (+7).
   It affects your accuracy and damage with ranged weapons and melee attacks
   (+2).
   It insulates you from electricity.
   It protects you from negative energy.
   It lets you see invisible.
 Q - the ring of Lamnerey (left hand) {+Fly rElec rPois rC+ Str+3}
   (You bought it in a shop on level 14 of the Dungeon)

   [ring of protection from cold]

   It affects your strength (+3).
   It protects you from cold.
   It insulates you from electricity.
   It protects you from poison.
   It lets you fly.
Wands
 b - a wand of clouds (5)
 s - a wand of disintegration (5)
 w - a wand of scattershot (19)
 x - a wand of iceblast (22)
 y - a wand of digging (16)
 H - a wand of random effects (63)
 K - a wand of polymorph (32)
 L - a wand of flame (9)
 N - a wand of enslavement (28)
 S - a wand of paralysis (29)
 Z - a wand of acid (9)
Scrolls
 a - a scroll of summoning
 g - 22 scrolls of teleportation
 h - 27 scrolls of remove curse
 t - 2 scrolls of enchant weapon
 u - 3 scrolls of magic mapping
 v - 3 scrolls of blinking
 z - 5 scrolls of fear
 A - 6 scrolls of fog
 D - a scroll of silence
 I - 3 scrolls of holy word
 W - 26 scrolls of identify
Potions
 c - 6 potions of flight
 e - 18 potions of curing
 j - 6 potions of cancellation
 n - 4 potions of invisibility
 C - 6 potions of mutation
 G - a potion of berserk rage
 M - 10 potions of ambrosia
 O - 5 potions of lignification
 X - 6 potions of agility
Miscellaneous
 i - a fan of gales
 p - a phial of floods (inert)
 P - a fan of gales
 R - a lightning rod (4/4)
 T - a phantom mirror
 U - a phial of floods (inert)
Comestibles
 f - 88 rations
 l - 3 chunks of flesh


   Skills:
 + Level 24.5 Fighting
 + Level 26.9 Axes
 + Level 13.3 Throwing
 + Level 20.4 Armour
 + Level 4.2 Dodging
 + Level 7.9 Stealth
 + Level 22.9 Shields
 + Level 12.6 Invocations
 + Level 10.9 Evocations


You had 26 spell levels left.
You didn't know any spells.
Your spell library contained the following spells:

 Spells                   Type           Power        Failure   Level  Hunger
 Animate Skeleton         Necr           N/A          94%         1    ##.....
 Apportation              Tloc           #.....       94%         1    ##.....
 Beastly Appendage        Tmut           #.....       94%         1    ##.....
 Confusing Touch          Hex            #.....       94%         1    ##.....
 Flame Tongue             Conj/Fire      #....        94%         1    ##.....
 Freeze                   Ice            #...         94%         1    ##.....
 Infusion                 Chrm           #...         94%         1    ##.....
 Shock                    Conj/Air       #...         94%         1    ##.....
 Summon Butterflies       Summ           #.......     94%         1    ##.....
 Summon Small Mammal      Summ           #...         94%         1    ##.....
 Blink                    Tloc           N/A          98%         2    ###....
 Call Imp                 Summ           #.......     98%         2    ###....
 Corpse Rot               Necr           N/A          98%         2    ###....
 Passwall                 Tmut/Erth      #.......     98%         2    ###....
 Shroud of Golubria       Chrm/Tloc      #.........   98%         2    ###....
 Song of Slaying          Chrm           #.......     98%         2    ###....
 Sticks to Snakes         Tmut           #.......     98%         2    ###....
 Sublimation of Blood     Necr           #.........   98%         2    ###....
 Swiftness                Chrm/Air       #.......     98%         2    ###....
 Throw Frost              Conj/Ice       #.....       98%         2    ###....
 Call Canine Familiar     Summ           #.......     100%        3    ####...
 Conjure Flame            Conj/Fire      #.......     100%        3    ####...
 Gell's Gravitas          Tloc           #.........   100%        3    ####...
 Ignite Poison            Fire/Tmut/Pois #.......     100%        3    ####...
 Lesser Beckoning         Tloc           #.........   100%        3    ####...
 Ozocubu's Armour         Chrm/Ice       #.......     100%        3    ####...
 Portal Projectile        Hex/Tloc       #.....       100%        3    ####...
 Recall                   Summ/Tloc      N/A          100%        3    ####...
 Regeneration             Chrm/Necr      #.........   100%        3    ####...
 Spectral Weapon          Hex/Chrm       #.......     100%        3    ####...
 Spider Form              Tmut/Pois      #.........   100%        3    ####...
 Static Discharge         Conj/Air       #.......     100%        3    ####...
 Stone Arrow              Conj/Erth      #.....       100%        3    ####...
 Summon Guardian Golem    Hex/Summ       #.......     100%        3    ####...
 Teleport Other           Tloc           #.......     100%        3    ####...
 Tukima's Dance           Hex            #.......     100%        3    ####...
 Airstrike                Air            #.........   100%        4    #####..
 Animate Dead             Necr           N/A          100%        4    #####..
 Cause Fear               Hex            #.........   100%        4    #####..
 Ice Form                 Ice/Tmut       #.......     100%        4    #####..
 Leda's Liquefaction      Hex/Erth       #.........   100%        4    #####..
 Passage of Golubria      Tloc           N/A          100%        4    #####..
 Petrify                  Tmut/Erth      #.......     100%        4    #####..
 Sticky Flame             Conj/Fire      #.......     100%        4    #####..
 Summon Ice Beast         Ice/Summ       #.......     100%        4    #####..
 Summon Lightning Spire   Summ/Air       #.......     100%        4    #####..
 Throw Icicle             Conj/Ice       #.......     100%        4    #####..
 Alistair's Intoxication  Tmut/Pois      #.......     100%        5    ######.
 Blade Hands              Tmut           #.........   100%        5    ######.
 Bolt of Magma            Conj/Fire/Erth #.........   100%        5    ######.
 Borgnjor's Vile Clutch   Necr/Erth      #.........   100%        5    ######.
 Dispel Undead            Necr           #.......     100%        5    ######.
 Excruciating Wounds      Chrm/Necr      #.........   100%        5    ######.
 Irradiate                Conj/Tmut      #.........   100%        5    ######.
 Lee's Rapid Deconstruct  Erth           #.........   100%        5    ######.
 Lightning Bolt           Conj/Air       #.........   100%        5    ######.
 Silence                  Hex/Air        #.........   100%        5    ######.
 Summon Forest            Summ/Tloc      #.........   100%        5    ######.
 Summon Mana Viper        Hex/Summ       #.......     100%        5    ######.
 Yara's Violent Unravell  Hex/Tmut       #.........   100%        5    ######.
 Darkness                 Hex            #.........   100%        6    #######
 Death Channel            Necr           #.........   100%        6    #######
 Deflect Missiles         Chrm/Air       #.........   100%        6    #######
 Hydra Form               Tmut           #.........   100%        6    #######
 Invisibility             Hex            #.......     100%        6    #######
 Iron Shot                Conj/Erth      #.........   100%        6    #######
 Simulacrum               Ice/Necr       #.........   100%        6    #######
 Statue Form              Tmut/Erth      #........    100%        6    #######
 Dragon Form              Tmut           #.........   100%        7    #######
 Haunt                    Necr/Summ      #.........   100%        7    #######
 Malign Gateway           Summ/Tloc      #.........   100%        7    #######
 Monstrous Menagerie      Summ           #.........   100%        7    #######
 Summon Greater Demon     Summ           #.........   100%        7    #######
 Summon Hydra             Summ           #.........   100%        7    #######
 Borgnjor's Revivificati  Necr           #.........   100%        8    #######
 Death's Door             Chrm/Necr      #.........   100%        8    #######
 Discord                  Hex            #.........   100%        8    #######
 Ignition                 Fire           #.........   100%        8    #######
 Infestation              Necr           #.........   100%        8    #######
 Necromutation            Tmut/Necr      #.........   100%        8    #######
 Summon Horrible Things   Summ           #.........   100%        8    #######
 Shatter                  Erth           #.........   100%        9    #######
 Tornado                  Air            #.........   100%        9    #######


Dungeon Overview and Level Annotations

Branches:
Dungeon (15/15)            Temple (1/1) D:5            Lair (6/6) D:11
  Swamp (4/4) Lair:2       Spider (4/4) Lair:4        Slime (0/5) Lair:5
    Orc (2/2) D:9             Elf (2/3) Orc:2        Vaults (5/5) D:14
  Crypt (0/3) Vaults:2     Depths (5/5) D:15            Zot (5/5) Depths:5

Altars:
Ashenzari
Cheibriados
Dithmenos
Elyvilon
Fedhas
Gozag
Hepliaklqana
Kikubaaqudgha
Makhleb
Nemelex Xobeh
Okawaru
Qazlal
Ru
Sif Muna
Trog
Uskayaw
Vehumet
Wu Jian
Xom
Yredelemnul
Zin
The Shining One
Beogh
Jiyva

Shops:
D:8 (   D:14 =   Orc:2 (:%?   Vaults:1 %   Vaults:4 ((*   Depths:2 %*(}

Portals:
Hell: Depths:1 Depths:2 Depths:3 Depths:4 Depths:5
Abyss: Depths:4 Depths:5
Pandemonium: Orc:2 Depths:1 Depths:2 Depths:3
Ziggurat: Depths:3
Trove: Vaults:3 (give 6 potions of haste)

Annotations:
Vaults:2 2 runed translucent doors, garrulousMonolith's ghost, veteran GnFi


Innate Abilities, Weirdness & Mutations

You can walk on water.
You have a pair of large antennae on your head. (SInv)
You have hoof-like feet.
You are mostly covered in slimy green scales. (AC +3)
Scrolls take you a little longer to read.
Your mind is acute. (Int +2)
You are occasionally teleported next to monsters.
Potions are less effective at restoring your health.
Your movements are slightly less encumbered by armour. (ER -2)


Message History

Okay, then.
The Orb Guardian hits your soul eater!!!
Your orc high priest hits the moth of wrath.
The moth of wrath bites your orc high priest but does no damage.
The Orb Guardian hits your soul eater!!
Your soul eater dies!
Your orc high priest hits the moth of wrath.
The moth of wrath bites your orc high priest.
The orb of fire glows yellow.
Strange energies course through your body.
The orb of fire glows bright magenta.
The bolt of fire hits you!! You resist.
Your orc high priest hits the moth of wrath.
The orb of fire glows yellow.
The fireball explodes!
The fireball engulfs you!!! You resist.
* * * LOW HITPOINT WARNING * * *
Your orc high priest hits the moth of wrath!
The orb of fire glows yellow.
The bolt of fire hits you!!! You resist.
You die...

.... .... .....
#▓▓▓▓▓▓▓▓▓▓▓##.....
###.....!............
##....##.....^y.......
######...###....@^*X.......
........###........*o^.....
.......## #.......)........
.......# #................
......## #..........^.....
......# #.^..............
[.....## #................
.†.....# ##.....^.........
.......## ##..............


You could see 2 orbs of fire, an Orb Guardian (berserk), a moth of wrath and a
friendly orc high priest (berserk).

Vanquished Creatures
  3 ancient liches
  An orb of fire (Zot:5)
  Sojobo (Vaults:5)
  4 Killer Klowns
  Xtahua (Depths:4)
  3 curse toes
  3 caustic shrikes
  14 golden dragons
  4 liches
  4 electric golems (Zot:2)
  Jorgrun (Elf:1)
  18 tentacled monstrosities
  11 Orb Guardians (Zot:5)
  7 titans
  2 quicksilver dragons
  A sphinx (Depths:3)
  5 death cobs
  A thorn hunter (Swamp:4)
  8 shadow dragons
  19 storm dragons
  Kirke (Lair:6)
  Donald (Vaults:2)
  8 draconian knights
  5 draconian monks
  2 iron dragons (Vaults:5)
  12 tengu reavers
  13 frost giants
  14 vault wardens
  A daeva (Abyss:3)
  10 fire giants
  7 ghost moths
  A balrug (Depths:1)
  3 draconian stormcallers
  5 draconian shifters
  5 draconian scorchers
  A cacodemon (Vaults:4)
  2 emperor scorpions (Spider:4)
  2 deep elf elementalists
  14 ironheart preservers
  3 draconian annihilators
  6 green draconians
  A war gargoyle (Vaults:5)
  2 entropy weavers
  20 stone giants
  13 very ugly things
  A lorocyproca (Depths:3)
  5 deep elf demonologists
  7 purple draconians
  10 yellow draconians
  16 black draconians
  12 white draconians
  5 spark wasps
  5 dire elephants (Lair:6)
  A spark wasp (shapeshifter) (Vaults:4)
  5 deep elf annihilators
  5 red draconians
  An eidolon (Vaults:2)
  Josephine (Orc:2)
  3 deep elf death magi
  2 deep elf high priests
  12 ettins
  15 fire dragons
  A great orb of eyes (shapeshifter) (Vaults:5)
  5 ice dragons
  5 yaktaur captains
  30 vault guards
  11 great orbs of eyes
  5 rakshasas
  13 hydras
  An anaconda (Lair:6)
  3 spriggan air magi
  A shambling mangrove (Swamp:4)
  10 centaur warriors
  2 death knights (Vaults:3)
  3 alligators
  A catoblepas (Lair:3)
  25 two-headed ogres
  6 tengu warriors
  2 hell hogs (Abyss:3)
  14 dancing weapons
  7 deep troll shamans
  A death yak (D:13)
  7 ogre magi
  A thrashing horror (Abyss:3)
  A vampire mage (Depths:4)
  4 deep troll earth magi
  4 spriggan berserkers
  4 spriggans
  2 orc high priests
  2 sun demons (Depths:1)
  2 shock serpents (shapeshifter)
  21 deep elf knights
  A fire crab (shapeshifter) (Vaults:4)
  3 hell knights
  An iron troll (Depths:1)
  4 skeletal warriors
  A shadow wraith (Vaults:5)
  An unseen horror (D:15)
  A torturous demonspawn (Depths:3)
  A wretched star (Abyss:3)
  A spriggan druid (Swamp:4)
  4 glowing orange brains
  9 deep trolls
  2 flayed ghosts (Vaults:3)
  A phantasmal warrior (Vaults:5)
  2 swamp dragons
  3 shadow demons
  2 infernal demonspawn
  7 wizards
  A tengu zombie (Vaults:5)
  10 deep elf archers
  A swamp dragon (shapeshifter) (Depths:2)
  5 necromancers
  4 orc knights
  2 sphinx zombies
  Pikel (D:7)
  15 ironbrand convokers
  29 deep elf magi
  17 wolf spiders
  An orb spider (shapeshifter) (Vaults:3)
  5 orb spiders
  4 orc sorcerers
  3 cyclopes
  38 ugly things
  25 moths of wrath
  4 manticores
  7 elephants
  A manticore (shapeshifter) (Depths:4)
  A centaur zombie (D:13)
  A rust devil (Depths:3)
  3 ice statues
  An eye of devastation (Abyss:3)
  3 black mambas
  Psyche (D:8)
  A torpor snail (Spider:1)
  2 eyes of devastation (shapeshifter)
  A human zombie (Vaults:5)
  8 vault sentinels
  A rime drake (shapeshifter) (Vaults:5)
  7 spiny frogs
  5 kobold demonologists
  3 freezing wraiths
  A komodo dragon (shapeshifter) (Depths:2)
  34 yaktaurs
  6 komodo dragons
  5 demonic crawlers
  A yaktaur (shapeshifter) (Vaults:1)
  A tengu conjurer (D:13)
  An efreet (D:14)
  A human skeleton (Vaults:5)
  5 trolls
  10 jumping spiders
  7 tyrant leeches
  A wind drake (shapeshifter) (Vaults:4)
  Prince Ribbit (D:8)
  A raiju (shapeshifter) (Vaults:5)
  20 slime creatures
  3 blink frogs (Swamp:4)
  A snapping turtle (shapeshifter) (D:15)
  17 hornets
  8 bog bodies
  6 hippogriffs
  4 flying skulls (Abyss:3)
  31 redbacks
  A fire giant simulacrum (Vaults:5)
  Sigmund (D:4)
  10 tarantellas
  A ynoxinul (Orc:2)
  A redback (shapeshifter) (Elf:2)
  2 spriggans (shapeshifter)
  A hog (shapeshifter) (Depths:4)
  2 shadows
  2 wyverns
  5 wraiths
  A vampire (D:10)
  12 water elementals
  17 yaks
  A fire elemental (Elf:2)
  A human (D:8)
  A steam dragon (shapeshifter) (Vaults:4)
  A basilisk (shapeshifter) (Vaults:4)
  4 hogs (Lair:6)
  2 chaos spawn
  A neqoxec (Abyss:3)
  17 vampire mosquitoes
  3 wargs
  3 hungry ghosts
  5 insubstantial wisps (Swamp:3)
  12 swamp worms
  A steam dragon (D:11)
  5 large abominations (Abyss:3)
  A warg (shapeshifter) (Depths:5)
  11 water moccasins
  2 acid dragons
  5 porcupines
  An acid dragon (shapeshifter) (Depths:2)
  A floating eye (Depths:4)
  8 swamp drakes
  A sky beast (shapeshifter) (Vaults:4)
  16 ice beasts
  A black bear (shapeshifter) (Depths:2)
  8 orc warriors
  2 black bears
  5 phantoms
  11 centaurs
  A necrophage (D:12)
  An eye of draining (Abyss:3)
  7 boggarts
  24 ogres
  2 wolves (Lair:5)
  9 crocodiles
  3 big kobolds
  11 bullfrogs
  4 jellies
  3 small abominations
  An earth elemental (Elf:2)
  2 troll zombies (D:9)
  6 scorpions
  18 killer bees
  7 wights
  3 howler monkeys
  An electric eel (Spider:2)
  7 crimson imps
  A bullfrog zombie (D:7)
  6 hounds
  Crazy Yiuf (D:7)
  11 orc priests
  A gnoll shaman (D:4)
  10 orc wizards
  2 bullfrog skeletons
  5 centaur skeletons
  Jessica (D:2)
  9 worker ants
  2 iguanas
  3 ogre zombies (D:9)
  3 hound zombies
  3 hound skeletons
  11 adders
  5 shadow imps
  9 white imps (Lair:3)
  3 ufetubi
  2 oozes (Lair:5)
  An adder zombie (D:9)
  3 adder skeletons
  A dart slug (D:1)
  4 leopard geckos
  37 orcs
  A ball python (D:4)
  4 bats
  3 giant cockroaches
  4 goblins
  8 hobgoblins
  3 jackals (D:4)
  2 quokkas
  3 frilled lizards
  4 goblin zombies (D:9)
  2 hobgoblin skeletons (D:9)
  2 hobgoblin zombies (D:9)
  A jackal zombie (D:6)
  12 kobolds
  A leopard gecko skeleton (D:4)
  A leopard gecko zombie (D:6)
  An orc skeleton (D:9)
  13 orc zombies (D:9)
  7 rats
  A briar patch (Swamp:1)
  6 crawling corpses (Vaults:5)
  2 fungi
  7 plants
1501 creatures vanquished.

Vanquished Creatures (collateral kills)
  Mennas (Depths:4)
  Saint Roka (Depths:4)
  Margery (Vaults:4)
  the Lernaean hydra (Swamp:4)
  A Killer Klown (Zot:5)
  Bai Suzhen (Spider:4)
  Nikola (Depths:1)
  The ghost of christhawk the Slayer, an adept MiHu of Okawaru (Vaults:4)
  A caustic shrike (Depths:5)
  2 golden dragons
  Arachne (Spider:4)
  2 tentacled monstrosities
  An Orb Guardian (Zot:5)
  3 quicksilver dragons
  Gastronok (D:11)
  4 thorn hunters
  2 tengu reavers
  3 shadow dragons
  3 storm dragons
  2 fire giants (Vaults:5)
  7 vault wardens
  Aizul (Swamp:3)
  A deep elf sorcerer (Vaults:5)
  4 emperor scorpions (Spider:4)
  3 ghouls
  A cacodemon (Vaults:4)
  An iron dragon (Depths:5)
  2 frost giants (Vaults:5)
  An orc warlord (Elf:1)
  A draconian annihilator (Zot:5)
  6 ironheart preservers
  6 stone giants
  7 very ugly things
  An entropy weaver (Spider:1)
  2 green draconians
  A deep elf demonologist (Elf:1)
  9 slime creatures
  A black draconian (Zot:1)
  2 red draconians (Depths:5)
  2 spark wasps
  A dire elephant (Lair:6)
  An ettin (Depths:5)
  3 yaktaur captains
  2 great orbs of eyes (Vaults:2)
  3 fire dragons
  8 hydras
  3 ice dragons
  3 deep elf high priests
  6 vault guards
  A death knight (Vaults:4)
  A ghost crab (Swamp:4)
  8 two-headed ogres
  2 centaur warriors
  5 ogre magi
  3 tengu warriors
  An alligator (Swamp:4)
  3 deep troll earth magi
  11 dancing weapons
  2 orc high priests (Orc:2)
  Urug (Lair:6)
  A storm dragon zombie (Vaults:3)
  9 deep elf knights
  A sun demon (Orc:2)
  4 skeletal warriors (Vaults:2)
  5 hell knights
  A shadow wraith (Vaults:1)
  8 deep trolls
  An infernal demonspawn (Orc:2)
  2 spriggan druids
  2 unseen horrors (Vaults:1)
  3 glowing orange brains
  An unseen horror (shapeshifter) (Vaults:2)
  A gelid demonspawn (Orc:2)
  8 swamp dragons
  5 ironbrand convokers
  10 orc knights
  6 deep elf archers
  23 deep elf magi
  2 phantasmal warriors (Vaults:5)
  11 orb spiders
  4 necromancers
  A human zombie (Vaults:5)
  3 cyclopes
  15 wolf spiders
  9 ugly things
  6 orc sorcerers (Orc:2)
  3 manticores
  A moth of wrath (Spider:4)
  3 black mambas
  6 elephants
  A human skeleton (Vaults:2)
  A vault sentinel (Vaults:4)
  A centaur skeleton (D:11)
  2 torpor snails
  A gargoyle (D:14)
  4 spiny frogs
  4 komodo dragons
  6 demonic crawlers
  26 yaktaurs
  An ancient zyme (Abyss:3)
  4 trolls
  4 freezing wraiths
  An ice devil (D:12)
  A hellwing (Orc:2)
  A queen bee (D:10)
  A meliai (shapeshifter) (Vaults:5)
  A tengu conjurer (D:14)
  11 jumping spiders
  2 polar bears (D:13)
  11 hornets
  A blink frog (Swamp:4)
  2 hippogriffs
  6 bog bodies
  A shadow (D:12)
  2 wraiths (Orc:2)
  An air elemental (Elf:1)
  A large abomination (Abyss:3)
  24 redbacks
  2 fire bats (Abyss:3)
  5 spriggans
  15 tarantellas
  3 wyverns
  2 basilisks
  A fire elemental (Elf:2)
  A water elemental (Depths:1)
  18 yaks
  2 hogs
  A chaos spawn (Abyss:3)
  A human (shapeshifter) (D:15)
  A hungry ghost (D:13)
  2 yaktaur simulacra
  16 vampire mosquitoes
  5 swamp worms
  A soldier ant (shapeshifter) (Vaults:4)
  4 wargs
  An acid dragon (Vaults:2)
  An insubstantial wisp (Swamp:3)
  5 water moccasins
  2 floating eyes (shapeshifter) (Vaults:4)
  6 black bears (D:13)
  A porcupine (Lair:3)
  3 ice beasts (D:12)
  4 swamp drakes (Swamp:4)
  15 orc warriors
  A sky beast (D:15)
  A tengu (shapeshifter) (Vaults:2)
  2 centaurs (D:15)
  2 boggarts (Vaults:1)
  3 wolves
  A centaur (shapeshifter) (Vaults:4)
  3 crocodiles
  14 ogres
  3 big kobolds (D:13)
  2 bullfrogs
  A small abomination (Abyss:3)
  A troll zombie (D:9)
  13 killer bees
  9 wights
  A crimson imp (D:15)
  3 jellies
  10 orc priests
  4 orc wizards
  A worker ant (D:13)
  2 ogre zombies (D:9)
  A worker ant zombie (D:9)
  An adder (D:11)
  2 adders (shapeshifter) (Vaults:4)
  A shadow imp (D:10)
  5 white imps
  A worm (shapeshifter) (Depths:5)
  14 orcs
  A kobold (D:13)
  A hobgoblin skeleton (D:9)
  A hobgoblin zombie (D:9)
  An orc zombie (D:9)
  5 briar patches
  5 fungi
  8 plants
679 creatures vanquished.

Vanquished Creatures (others)
  8 orc warlords
  A green draconian (Zot:4)
  5 orc high priests
  A yaktaur captain (Vaults:5)
  A deep elf high priest (Vaults:5)
  An ogre mage (Vaults:3)
  2 deep elf knights
  A hell knight (Depths:5)
  17 orc knights
  4 orc sorcerers
  An ancient zyme (Abyss:3)
  2 hungry ghosts (D:7)
  A slave (D:7)
  39 orc warriors
  A small abomination (Abyss:3)
  2 boggarts
  37 orc priests
  15 orc wizards
  An adder skeleton (D:7)
  58 orcs
  A goblin (D:3)
  A kobold (D:3)
  A rat (D:3)
  7 briar patches
  A bush (Swamp:4)
  12 fungi
  2 lurking horrors (Abyss:3)
  18 plants
241 creatures vanquished.

Grand Total: 2421 creatures vanquished

Notes
Turn   | Place    | Note
-------+----------+-------------------------------------------
     0 | D:1      | myga the Hill Orc Fighter began the quest for the Orb.
     0 | D:1      | Reached XP level 1. HP: 19/19 MP: 1/1
   128 | D:1      | Reached XP level 2. HP: 23/27 MP: 2/2
   184 | D:1      | Reached skill level 3 in Axes
   776 | D:2      | Noticed Jessica
   800 | D:2      | Killed Jessica
   800 | D:2      | Reached XP level 3. HP: 26/33 MP: 3/3
  1175 | D:2      | Reached XP level 4. HP: 40/40 MP: 4/4
  1583 | D:3      | Reached skill level 4 in Axes
  1730 | D:3      | Became a worshipper of Beogh the Brigand
  2486 | D:4      | Reached XP level 5. HP: 40/46 MP: 5/5
  2777 | D:4      | Reached skill level 5 in Axes
  3177 | D:4      | Found a sparkling altar of Nemelex Xobeh.
  3246 | D:4      | Reached * piety under Beogh
  3246 | D:4      | Reached skill level 1 in Throwing
  3246 | D:4      | Reached XP level 6. HP: 22/53 MP: 6/6
  3528 | D:4      | Noticed Sigmund
  3541 | D:4      | Killed Sigmund
  3541 | D:4      | Reached skill level 6 in Axes
  3637 | D:4      | Reached XP level 7. HP: 52/60 MP: 7/7
  3770 | D:4      | Reached skill level 7 in Axes
  3810 | D:4      | Reached skill level 5 in Fighting
  3853 | D:4      | Reached skill level 5 in Armour
  4302 | D:5      | Entered Level 5 of the Dungeon
  4406 | D:5      | Got a scorched iron ring
  4408 | D:5      | Identified the ring of Xaciq {rF+ Str+2} (You found it on
                  | level 5 of the Dungeon)
  4670 | D:5      | Reached skill level 8 in Axes
  4670 | D:5      | Reached skill level 1 in Dodging
  4670 | D:5      | Reached XP level 8. HP: 58/68 MP: 8/8
  4712 | D:5      | Found the +12 Vampire's Tooth {vamp}
  4801 | D:5      | Reached skill level 5 in Shields
  4889 | D:5      | Reached ** piety under Beogh
  4986 | D:5      | Found a staircase to the Ecumenical Temple.
  4996 | Temple   | Entered the Ecumenical Temple
  5420 | D:6      | Noticed a two-headed ogre
  5433 | D:6      | Killed a two-headed ogre
  5433 | D:6      | Reached skill level 9 in Axes
  5433 | D:6      | Reached XP level 9. HP: 16/75 MP: 8/11
  5937 | D:6      | Reached skill level 10 in Axes
  7125 | D:7      | Reached skill level 11 in Axes
  7132 | D:7      | Noticed Pikel
  7135 | D:7      | Killed Pikel
  7135 | D:7      | Reached XP level 10. HP: 86/86 MP: 6/13
  7630 | D:7      | Found a runed translucent door.
  7631 | D:7      | Noticed Crazy Yiuf
  7925 | D:7      | Killed Crazy Yiuf
  7971 | D:8      | Noticed Prince Ribbit
  7986 | D:8      | Killed Prince Ribbit
  8320 | D:8      | Found Offauv's Antique Weapon Shop.
  8334 | D:8      | Noticed Psyche
  8336 | D:8      | Bought a glowing war axe for 201 gold pieces
  8349 | D:8      | Killed Psyche
  8349 | D:8      | Reached skill level 12 in Axes
  8565 | D:8      | Reached *** piety under Beogh
  8886 | D:9      | Found a staircase to the Orcish Mines.
  8898 | D:9      | Reached **** piety under Beogh
  8922 | D:9      | Gained Gorbash as an ally
  9449 | D:9      | Reached XP level 11. HP: 94/94 MP: 14/14
  9660 | D:9      | Noticed a two-headed ogre
  9665 | D:9      | Killed a two-headed ogre
  9665 | D:9      | Reached skill level 13 in Axes
  9723 | D:9      | Noticed a two-headed ogre
  9730 | D:9      | Killed a two-headed ogre
  9967 | D:9      | Found a deep blue altar of Sif Muna.
 10152 | Orc:1    | Entered Level 1 of the Orcish Mines
 10159 | Orc:1    | Reached skill level 5 in Invocations
 10413 | Orc:2    | Entered Level 2 of the Orcish Mines
 10422 | Orc:2    | Noticed Josephine
 10432 | Orc:2    | Killed Josephine
 10438 | Orc:2    | Reached skill level 1 in Stealth
 10462 | Orc:2    | Your ally Gorbash died
 10791 | Orc:2    | Noticed an orc knight
 10796 | Orc:2    | Found Gida's Food Shop.
 10798 | Orc:2    | Reached skill level 14 in Axes
 10803 | Orc:2    | Found Ymmeh's Magic Scroll Boutique.
 10810 | Orc:2    | Killed an orc knight
 10822 | Orc:2    | Noticed a sun demon
 10831 | Orc:2    | Killed a sun demon
 10905 | Orc:2    | Noticed an orc high priest
 10908 | Orc:2    | Killed an orc high priest
 10908 | Orc:2    | Noticed an orc sorcerer
 10909 | Orc:2    | Noticed an orc knight
 10914 | Orc:2    | Killed an orc sorcerer
 10922 | Orc:2    | Killed an orc knight
 10922 | Orc:2    | Reached XP level 12. HP: 63/104 MP: 1/16
 10924 | Orc:2    | Noticed an orc high priest
 11300 | Orc:2    | Found a staircase to the Elven Halls.
 11302 | Orc:2    | Paralysed by an orc sorcerer for 2 turns
 11342 | Orc:2    | Reached skill level 5 in Throwing
 11345 | Orc:2    | Gained Geork as an ally
 11567 | Orc:2    | Noticed an orc high priest
 11571 | Orc:2    | Noticed a soul eater
 11576 | Orc:2    | Killed an orc high priest
 11594 | Orc:2    | Noticed an orc high priest
 11605 | Orc:2    | Killed an orc high priest
 11906 | Orc:2    | Your ally Geork died
 11919 | Orc:2    | Found Qyafiwn's Book Shoppe.
 11919 | Orc:2    | Found a one-way gate leading to the halls of Pandemonium.
 11919 | Orc:2    | Found Vinida's Antique Weapon Emporium.
 12153 | D:10     | Entered Level 10 of the Dungeon
 12391 | D:10     | Noticed a centaur warrior
 12398 | D:10     | Killed a centaur warrior
 12398 | D:10     | Reached skill level 15 in Axes
 12668 | D:10     | Reached skill level 10 in Armour
 13672 | D:11     | Noticed Gastronok
 13686 | D:11     | Killed Gastronok
 13686 | D:11     | Reached skill level 10 in Fighting
 13686 | D:11     | Reached XP level 13. HP: 113/113 MP: 19/19
 14194 | D:11     | Found a staircase to the Lair.
 14336 | Lair:1   | Entered Level 1 of the Lair of Beasts
 15447 | Lair:2   | Reached ***** piety under Beogh
 15472 | Lair:2   | Found a staircase to the Swamp.
 15492 | Lair:2   | Reached skill level 16 in Axes
 16322 | Lair:3   | Found a frozen archway.
 16346 | Lair:3   | Reached skill level 10 in Shields
 16350 | IceCv    | Entered an ice cave
 16365 | IceCv    | Found a transporter.
 16695 | IceCv    | Found a transporter.
 16717 | IceCv    | Gained Olfrun as an ally
 17687 | Lair:4   | You fall through a shaft for 2 floors!
 17687 | Lair:6   | Entered Level 6 of the Lair of Beasts
 17756 | Lair:6   | Noticed Urug
 17767 | Lair:6   | Killed Urug
 17767 | Lair:6   | Reached XP level 14. HP: 92/122 MP: 20/20
 18061 | Lair:6   | Noticed Kirke
 18080 | Lair:6   | Killed Kirke
 18829 | Lair:6   | Noticed a dire elephant
 18837 | Lair:6   | Killed a dire elephant
 18925 | Lair:6   | Noticed a dire elephant
 18925 | Lair:6   | Noticed a dire elephant
 18934 | Lair:6   | Killed a dire elephant
 18937 | Lair:6   | Killed a dire elephant
 19153 | Lair:6   | Noticed a dire elephant
 19170 | Lair:6   | Killed a dire elephant
 19226 | Lair:6   | Noticed a dire elephant
 19239 | Lair:6   | Killed a dire elephant
 19243 | Lair:6   | Noticed a dire elephant
 19247 | Lair:6   | Killed a dire elephant
 19519 | Lair:5   | Identified Sif Muna's Tome of the Flamy Mountains
 19641 | Lair:5   | Found a runed translucent door.
 19644 | Lair:5   | Found a viscous altar of Jiyva.
 19645 | Lair:5   | Found a staircase to the Slime Pits.
 19713 | Lair:5   | Identified a scroll of acquirement
 19788 | Lair:5   | Gained Bogbrand as an ally
 19798 | Lair:5   | Reached skill level 17 in Axes
 20270 | Lair:4   | Found the amulet of Vitality {Regen+ HP+15}
 20689 | Lair:4   | You fall through a shaft for 2 floors!
 20778 | Lair:4   | Found a hole to the Spider Nest.
 20992 | D:12     | Got an ichor-stained chain mail
 21003 | D:12     | Identified the cursed +1 chain mail of Fep Huhuatzo {Dex+4}
                  | (You found it on level 12 of the Dungeon)
 21084 | D:12     | Reached ****** piety under Beogh
 21381 | D:12     | Reached skill level 1 in Evocations
 22414 | D:13     | Found a huge runed translucent gate.
 22415 | D:13     | Found a huge runed translucent gate.
 22435 | D:13     | Found a huge runed translucent gate.
 22436 | D:13     | Found a huge runed translucent gate.
 22858 | D:13     | Reached XP level 15. HP: 133/133 MP: 19/21
 23650 | D:14     | Found Xolit's Jewellery Shop.
 23656 | D:14     | Bought the ring of Lamnerey {+Fly rElec rPois rC+ Str+3}
                  | for 825 gold pieces
 24014 | D:14     | Found a gate to the Vaults.
 24115 | D:15     | Entered Level 15 of the Dungeon
 24238 | D:15     | Gained Marbaugh as an ally
 24319 | D:15     | Found a sacrificial altar of Ru.
 24710 | D:15     | Found a staircase to the Depths.
 25057 | Swamp:1  | Entered Level 1 of the Swamp
 25057 | Swamp:1  | Noticed a thorn hunter
 25068 | Swamp:1  | Killed a thorn hunter
 25068 | Swamp:1  | Reached skill level 5 in Evocations
 25071 | Swamp:1  | Gained Zartorak as an ally
 25907 | Swamp:2  | Found a sparkling altar of Nemelex Xobeh.
 26033 | Swamp:2  | Your ally Zartorak died
 26038 | Swamp:2  | Reached XP level 16. HP: 144/144 MP: 22/22
 26306 | Swamp:2  | Got an ancient graven amulet
 26844 | Swamp:3  | Got a warped halberd
 26881 | Swamp:3  | Identified the amulet "Taixti" {Faith rElec rN++ Dex-3
                  | Stlth+} (You found it on level 2 of the Swamp)
 26969 | Swamp:3  | Noticed Aizul
 26972 | Swamp:3  | Reached skill level 10 in Throwing
 26981 | Swamp:3  | Killed Aizul
 26997 | Swamp:3  | Reached skill level 18 in Axes
 27915 | Swamp:4  | Entered Level 4 of the Swamp
 27925 | Swamp:4  | Noticed a thorn hunter
 27932 | Swamp:4  | Killed a thorn hunter
 27940 | Swamp:4  | Your ally Bogbrand died
 27961 | Swamp:4  | Noticed a thorn hunter
 27983 | Swamp:4  | Killed a thorn hunter
 28458 | Swamp:4  | Noticed the 27-headed Lernaean hydra
 28468 | Swamp:4  | Your ally Marbaugh died
 28469 | Swamp:4  | Killed the 25-headed Lernaean hydra
 29023 | Swamp:4  | Noticed a thorn hunter
 29045 | Swamp:4  | Killed a thorn hunter
 29391 | Swamp:4  | Got a decaying rune of Zot
 29699 | Swamp:4  | Noticed a thorn hunter
 29710 | Swamp:4  | Killed a thorn hunter
 30436 | Spider:1 | Entered Level 1 of the Spider Nest
 30603 | Spider:1 | Reached XP level 17. HP: 107/152 MP: 23/23
 33356 | Spider:4 | Entered Level 4 of the Spider Nest
 33390 | Spider:4 | Noticed Arachne
 33406 | Spider:4 | Killed Arachne
 34261 | Spider:4 | Noticed Bai Suzhen
 34284 | Spider:4 | Killed Bai Suzhen
 34696 | Spider:4 | Reached XP level 18. HP: 55/162 MP: 1/25
 35099 | Spider:4 | Got a gossamer rune of Zot
 35563 | Vaults:1 | Entered Level 1 of the Vaults
 35625 | Vaults:1 | Reached skill level 15 in Fighting
 36402 | Vaults:1 | Paralysed by a wizard for 3 turns
 36421 | Vaults:1 | Reached skill level 19 in Axes
 36518 | Vaults:1 | Found Igunerr's Food Emporium.
 36707 | Vaults:1 | Gained Beowulf as an ally
 36974 | Vaults:2 | Reached skill level 15 in Armour
 37207 | Vaults:2 | Noticed Donald
 37215 | Vaults:2 | Killed Donald
 37650 | Vaults:2 | Found a staircase to the Crypt.
 37658 | Vaults:2 | Reached XP level 19. HP: 150/172 MP: 26/26
 37862 | Vaults:2 | Found a large runed translucent door.
 37862 | Vaults:2 | Found a large runed translucent door.
 37863 | Vaults:2 | Noticed garrulousMonolith's ghost (veteran GnFi)
 37980 | Vaults:2 | Reached skill level 15 in Shields
 38273 | Vaults:3 | Reached skill level 20 in Axes
 39447 | Vaults:3 | Cast into level 3 of the Abyss (a wizard)
 39581 | Abyss:3  | Noticed a lich
 39591 | Abyss:3  | Killed a lich
 39714 | Abyss:3  | Gained Wargath as an ally
 39714 | Abyss:3  | Gained Zorug as an ally
 39884 | Abyss:3  | Reached skill level 10 in Invocations
 39900 | Vaults:3 | Escaped the Abyss
 40353 | Vaults:3 | Your ally Zorug died
 40357 | Vaults:3 | Your ally Wargath died
 40470 | Vaults:3 | Found a portal to a secret trove of treasure.
 40743 | Vaults:4 | Found Gozag's Assorted Antiques.
 40752 | Vaults:4 | Your ally Wargath died
 40756 | Vaults:4 | Reached XP level 20. HP: 161/184 MP: 27/27
 40761 | Vaults:4 | Found an opulent altar of Gozag.
 40774 | Vaults:4 | Found Gozag's Antique Weapon Shop.
 40779 | Vaults:4 | Found Gozag's Antique Weapon Shop.
 40788 | Vaults:4 | Noticed Margery
 40808 | Vaults:4 | Killed Margery
 40960 | Vaults:4 | Gained mutation: You are partially covered in slimy green
                  | scales. (AC +2) [potion of mutation]
 40960 | Vaults:4 | Gained mutation: You are partially covered in iridescent
                  | scales. (AC +2) [potion of mutation]
 40960 | Vaults:4 | Gained mutation: You tend to lose your temper in combat.
                  | [potion of mutation]
 40960 | Vaults:4 | Gained mutation: You are mostly covered in slimy green
                  | scales. (AC +3) [potion of mutation]
 41054 | Vaults:4 | Paralysed by a floating eye for 2 turns
 41154 | Vaults:4 | Found a flickering gateway to a bazaar.
 41163 | Bazaar   | Entered a bazaar
 41163 | Bazaar   | Found Gishad's Assorted Antiques.
 41163 | Bazaar   | Found Makhlecs's Weapon Shop.
 41163 | Bazaar   | Found Sacen's Antique Weapon Shoppe.
 41163 | Bazaar   | Found Jith's Weapon Shop.
 41168 | Bazaar   | Found Iceit's Food Boutique.
 41205 | Bazaar   | Bought a scroll labeled AKHLESO GELO for 35 gold pieces
 41339 | Vaults:4 | Paralysed by an orc sorcerer for 2 turns
 41480 | Vaults:4 | Reached skill level 21 in Axes
 41956 | Vaults:4 | Found a runed translucent gate.
 41956 | Vaults:4 | Found a runed translucent gate.
 41956 | Vaults:4 | Found a runed translucent gate.
 42448 | Vaults:4 | Your ally Bogbrand died
 42455 | Vaults:4 | Found a runed translucent gate.
 42455 | Vaults:4 | Found a runed translucent gate.
 42481 | Vaults:4 | Noticed christhawk's ghost (adept MiHu)
 42484 | Vaults:4 | Found a runed translucent gate.
 42552 | Vaults:4 | Gained mutation: You are frail. (-10% HP) [a cacodemon]
 42569 | Vaults:4 | Killed christhawk's ghost
 42608 | Vaults:4 | Gained mutation: You occasionally shout uncontrollably at
                  | your foes. [mutagenic glow]
 42618 | Vaults:4 | Got a transparent cloak
 42626 | Vaults:4 | Lost mutation: You occasionally shout uncontrollably at
                  | your foes. [potion of mutation]
 42626 | Vaults:4 | Lost mutation: You tend to lose your temper in combat.
                  | [potion of mutation]
 42626 | Vaults:4 | Lost mutation: You are partially covered in iridescent
                  | scales. (AC +2) [potion of mutation]
 42626 | Vaults:4 | Lost mutation: You are frail. (-10% HP) [potion of
                  | mutation]
 42626 | Vaults:4 | Gained mutation: Your muscles are strong. (Str +2) [potion
                  | of mutation]
 42626 | Vaults:4 | Gained mutation: You passively map a small area around you.
                  | [potion of mutation]
 42626 | Vaults:4 | Gained mutation: Scrolls take you a little longer to read.
                  | [potion of mutation]
 42626 | Vaults:4 | Gained mutation: Your mind is acute. (Int +2) [potion of
                  | mutation]
 42658 | Vaults:4 | Identified the cursed +0 cloak of Vadikhliu {rPois rC-
                  | Int+3} (You found it on level 4 of the Vaults)
 42661 | Vaults:4 | Gained mutation: You are occasionally teleported next to
                  | monsters. [mutagenic glow]
 42668 | Vaults:4 | Lost mutation: Scrolls take you a little longer to read.
                  | [potion of mutation]
 42668 | Vaults:4 | Lost mutation: Your muscles are strong. (Str +2) [potion of
                  | mutation]
 42668 | Vaults:4 | Gained mutation: You are partially covered in iridescent
                  | scales. (AC +2) [potion of mutation]
 42668 | Vaults:4 | Gained mutation: You have a pair of small antennae on your
                  | head. [potion of mutation]
 42668 | Vaults:4 | Gained mutation: You have a pair of antennae on your head.
                  | [potion of mutation]
 42698 | Vaults:4 | Gained mutation: You occasionally shout uncontrollably at
                  | your foes. [mutagenic glow]
 42823 | Vaults:1 | Gained mutation: You are weak. (Str -2) [mutagenic glow]
 43051 | Elf:1    | Entered Level 1 of the Elven Halls
 43063 | Elf:1    | Noticed Jorgrun
 43078 | Elf:1    | Killed Jorgrun
 43152 | Elf:1    | Found a roughly hewn altar of Beogh.
 43522 | Elf:1    | Your ally Bogbrand died
 43525 | Elf:1    | Your ally Olfrun died
 44042 | Elf:1    | Found a runed translucent gate.
 44042 | Elf:1    | Found a runed translucent gate.
 44042 | Elf:1    | Found a runed translucent gate.
 44042 | Elf:1    | Found a runed translucent gate.
 44042 | Elf:1    | Found a runed translucent gate.
 44043 | Elf:1    | Found a runed translucent gate.
 44216 | Elf:1    | Lost mutation: Your mind is acute. (Int +2) [potion of
                  | mutation]
 44216 | Elf:1    | Lost mutation: You are partially covered in iridescent
                  | scales. (AC +2) [potion of mutation]
 44216 | Elf:1    | Lost mutation: You are weak. (Str -2) [potion of mutation]
 44216 | Elf:1    | Gained mutation: You expend magic power (3 MP) to
                  | strengthen your wands. [potion of mutation]
 44216 | Elf:1    | Gained mutation: You are partially covered in molten
                  | scales. (AC +2) [potion of mutation]
 44536 | Elf:2    | Reached XP level 21. HP: 186/194 MP: 28/28
 44788 | Elf:2    | Found a huge runed translucent gate.
 44788 | Elf:2    | Found a huge runed translucent gate.
 44788 | Elf:2    | Found a huge runed translucent gate.
 44793 | Elf:2    | Found a huge runed translucent gate.
 44795 | Elf:2    | Found a huge runed translucent gate.
 45591 | Elf:2    | Got a transparent war axe
 45593 | Elf:2    | Identified the +5 war axe of the Wolf {speed, rF+ MR+} (You
                  | acquired it on level 2 of the Elven Halls)
 46352 | Vaults:2 | Lost mutation: You are partially covered in molten scales.
                  | (AC +2) [potion of mutation]
 46352 | Vaults:2 | Lost mutation: You expend magic power (3 MP) to strengthen
                  | your wands. [potion of mutation]
 46352 | Vaults:2 | Gained mutation: You have large cloven feet. [potion of
                  | mutation]
 46352 | Vaults:2 | Gained mutation: Your movements are slightly less
                  | encumbered by armour. (ER -2) [potion of mutation]
 46471 | Depths:1 | Entered Level 1 of the Depths
 46477 | Depths:1 | Noticed Nikola
 46499 | Depths:1 | Killed Nikola
 46641 | Depths:1 | Your ally Beowulf died
 46848 | Depths:1 | Reached skill level 22 in Axes
 46899 | Depths:1 | Paralysed by a great orb of eyes for 4 turns
 47279 | Depths:1 | Identified the amulet of Linearity {RegenMP Str+4}
 47280 | Depths:1 | Found a deep blue altar of Sif Muna.
 47662 | Depths:1 | Found a gateway to Hell.
 48035 | Depths:2 | Reached skill level 10 in Evocations
 48846 | Depths:2 | Found Orgh's Weapon Shop.
 48846 | Depths:2 | Found Peas's Food Shoppe.
 48846 | Depths:2 | Found Koato's Gadget Emporium.
 48846 | Depths:2 | Found Yniguph's General Store.
 48846 | Depths:2 | Noticed a golden dragon
 48856 | Depths:2 | Reached XP level 22. HP: 206/206 MP: 28/30
 48863 | Depths:2 | Killed a golden dragon
 48880 | Depths:2 | Noticed a golden dragon
 48895 | Depths:2 | Killed a golden dragon
 49064 | Depths:2 | Bought a potion of might for 80 gold pieces
 49584 | Depths:2 | Noticed a golden dragon
 49595 | Depths:2 | Killed a golden dragon
 49844 | Depths:2 | Gained Wargath as an ally
 49858 | Depths:2 | Your ally Wargath died
 49882 | Depths:2 | Identified the amulet of Day {Acrobat Str+2} (You found it
                  | on level 2 of the Depths)
 50696 | Depths:3 | Reached skill level 5 in Stealth
 50737 | Depths:3 | Found a gateway to a ziggurat.
 50783 | Depths:3 | Reached skill level 23 in Axes
 50808 | Depths:3 | Found a flickering gateway to a bazaar.
 50817 | Bazaar   | Entered a bazaar
 50819 | Bazaar   | Found Meodairgh's Food Boutique.
 50823 | Bazaar   | Found Avaocleq's Distillery.
 50823 | Bazaar   | Found Poheb's Armour Boutique.
 50823 | Bazaar   | Found Egoc's Jewellery Boutique.
 50834 | Bazaar   | Bought a potion of heal wounds for 65 gold pieces
 50834 | Bazaar   | Bought a potion of invisibility for 104 gold pieces
 50834 | Bazaar   | Bought a potion of haste for 130 gold pieces
 50834 | Bazaar   | Bought a potion of lignification for 39 gold pieces
 50834 | Bazaar   | Bought a potion of agility for 52 gold pieces
 50834 | Bazaar   | Bought a potion of flight for 39 gold pieces
 51037 | Depths:3 | Identified the Catalogue of Flames and Enhancements
 51946 | Depths:4 | Reached XP level 23. HP: 174/215 MP: 31/31
 51953 | Depths:4 | Noticed a caustic shrike
 51965 | Depths:4 | Killed a caustic shrike
 52057 | Depths:4 | Noticed Mennas
 52210 | Depths:4 | Paralysed by a floating eye for 4 turns
 52217 | Depths:4 | Noticed Xtahua
 52224 | Depths:4 | Identified the cursed +1 dagger of Wisymuz {elec, *Contam
                  | rN+ Str+3}
 52227 | Depths:4 | Noticed a golden dragon
 52241 | Depths:4 | Killed Xtahua
 52251 | Depths:4 | Killed a golden dragon
 52367 | Depths:4 | Killed Mennas
 52696 | Depths:4 | Gained Hilgar as an ally
 52833 | Depths:4 | Found a one-way gate to the infinite horrors of the Abyss.
 53101 | Depths:4 | Found a gateway to a bazaar.
 53450 | Bazaar   | Entered a bazaar
 53450 | Bazaar   | Found Quaw's Distillery.
 53450 | Bazaar   | Found Ushipnuss's Jewellery Shop.
 53450 | Bazaar   | Found Vaumn's Weapon Shop.
 53463 | Bazaar   | Bought a potion of haste for 160 gold pieces
 53463 | Bazaar   | Bought a potion of haste for 160 gold pieces
 53503 | Depths:4 | Noticed a golden dragon
 53521 | Depths:4 | Killed a golden dragon
 53624 | Depths:4 | Noticed Saint Roka
 53626 | Depths:4 | Gained Hawl as an ally
 53649 | Depths:4 | Killed Saint Roka
 54422 | Depths:4 | Lost mutation: You occasionally shout uncontrollably at
                  | your foes. [potion of mutation]
 54422 | Depths:4 | Lost mutation: You passively map a small area around you.
                  | [potion of mutation]
 54422 | Depths:4 | Lost mutation: You are occasionally teleported next to
                  | monsters. [potion of mutation]
 54422 | Depths:4 | Gained mutation: You have hoof-like feet. [potion of
                  | mutation]
 54422 | Depths:4 | Gained mutation: Your mind is acute. (Int +2) [potion of
                  | mutation]
 54422 | Depths:4 | Gained mutation: You have a pair of large antennae on your
                  | head. (SInv) [potion of mutation]
 54431 | Depths:5 | Entered Level 5 of the Depths
 54481 | Depths:5 | Noticed a caustic shrike
 54481 | Depths:5 | Noticed a caustic shrike
 54481 | Depths:5 | Noticed a caustic shrike
 54488 | Depths:5 | Killed a caustic shrike
 54496 | Depths:5 | Killed a caustic shrike
 54497 | Depths:5 | Killed a caustic shrike
 54530 | Depths:5 | Found a flickering gateway to a bazaar.
 54537 | Bazaar   | Entered a bazaar
 54537 | Bazaar   | Found Fiwigekh's General Store.
 54537 | Bazaar   | Found Luec Bui's Jewellery Shop.
 54537 | Bazaar   | Found Xulaamew's Jewellery Boutique.
 54537 | Bazaar   | Found Xutaxt's Jewellery Shop.
 54537 | Bazaar   | Found Qiamicw's Weapon Boutique.
 54765 | Bazaar   | Bought a scroll of magic mapping for 38 gold pieces
 54796 | Bazaar   | Bought the cursed necklace of Bloodlust {*Rage +Rage MR++
                  | Int-3 Slay+6 *Curse} for 692 gold pieces
 54796 | Bazaar   | Found the cursed necklace of Bloodlust {*Rage +Rage MR++
                  | Int-3 Slay+6 *Curse}
 54936 | Depths:5 | Got a pitted crystal plate armour
 54949 | Depths:5 | Identified the +1 crystal plate armour of the Meadowlark
                  | {rN+ MP+9 SInv} (You acquired it on level 5 of the Depths)
 55024 | Depths:5 | Your ally Hawl died
 55025 | Depths:5 | Your ally Hilgar died
 55432 | Depths:5 | Gained Worak as an ally
 55753 | Depths:5 | Found a gate to the Realm of Zot.
 56600 | Vaults:5 | Entered Level 5 of the Vaults
 56604 | Vaults:5 | Noticed a golden dragon
 56612 | Vaults:5 | Reached XP level 24. HP: 224/228 MP: 31/31
 56617 | Vaults:5 | Your ally Worak died
 56626 | Vaults:5 | Reached skill level 24 in Axes
 56732 | Vaults:5 | Noticed an ancient lich
 56745 | Vaults:5 | Killed an ancient lich
 56745 | Vaults:5 | Gained Rocco as an ally
 57124 | Vaults:5 | Noticed Sojobo
 57129 | Vaults:5 | Reached XP level 25. HP: 238/238 MP: 31/31
 57135 | Vaults:5 | Identified the +9 mace of Circularity {crush, *Contam Str+2
                  | Int+3 Dex+2}
 57135 | Vaults:5 | Identified the ring "Osho" {MR+ Int+3 Dex+3 Stlth-}
 57213 | Vaults:5 | Your ally Rocco died
 57728 | Vaults:5 | Identified the +0 flail of Trog {crush, *Drain Str+5 Int+3
                  | SInv Stlth+}
 57734 | Vaults:5 | Reached skill level 25 in Axes
 57737 | Vaults:5 | Gained Orbeogh as an ally
 58041 | Vaults:5 | Killed Sojobo
 58928 | Vaults:5 | Identified the +7 hand crossbow "Toicwipp" {flame, rPois
                  | Str+6 Dex-2}
 58928 | Vaults:5 | Identified the ring of Curiegog {rElec rN+ Str+7 Slay+2
                  | SInv}
 59104 | Vaults:5 | Identified Qiriomemn's Handbook of the Oath and Snow
 59264 | Vaults:5 | Got a silver rune of Zot
 59289 | Vaults:5 | Identified Sif Muna's Disquisition on Dislocation and
                  | Darkness
 59292 | Vaults:5 | Identified the Compendium of Boosting Malediction
 59817 | Zot:1    | Entered Level 1 of the Realm of Zot
 60205 | Zot:1    | Noticed a Killer Klown
 60213 | Zot:1    | Noticed a Killer Klown
 60235 | Zot:1    | Your ally Orbeogh died
 60253 | Zot:1    | Killed a Killer Klown
 60306 | Zot:1    | Killed a Killer Klown
 60512 | Zot:1    | Reached XP level 26. HP: 250/250 MP: 32/32
 61452 | Zot:2    | Identified the cursed +1 plate armour of Kindness {rC+}
                  | (You found it on level 2 of the Realm of Zot)
 61751 | Zot:2    | Gained Syrus as an ally
 61820 | Zot:2    | Your ally Syrus died
 62583 | Zot:3    | Noticed a Killer Klown
 62590 | Zot:3    | Killed a Killer Klown
 62823 | Zot:3    | Reached skill level 26 in Axes
 63081 | Zot:3    | You fall through a shaft!
 63516 | Zot:4    | Got a crude plate armour
 63527 | Zot:4    | Identified the +6 plate armour "Inuy" {Dex+5} (You found it
                  | on level 4 of the Realm of Zot)
 64195 | Zot:3    | Noticed a Killer Klown
 64210 | Zot:3    | Killed a Killer Klown
 64664 | Zot:4    | Reached XP level 27. HP: 247/260 MP: 32/32
 65087 | Zot:5    | Entered Level 5 of the Realm of Zot
 65111 | Zot:5    | Noticed an orb of fire
 65120 | Zot:5    | Killed an orb of fire
 65779 | Zot:5    | Noticed an ancient lich
 65796 | Zot:5    | Killed an ancient lich
 65975 | Zot:5    | Noticed an ancient lich
 65978 | Zot:5    | Noticed an orb of fire
 65983 | Zot:5    | Gained mutation: Potions are less effective at restoring
                  | your health. [an orb of fire]
 65988 | Zot:5    | Gained mutation: Scrolls take you a little longer to read.
                  | [an orb of fire]
 65998 | Zot:5    | Noticed an orb of fire
 65999 | Zot:5    | Killed an ancient lich
 66000 | Zot:5    | Gained mutation: You are occasionally teleported next to
                  | monsters. [an orb of fire]
 66007 | Zot:5    | Killed from afar by an orb of fire

Skill      XL: |  1  2  3  4  5  6  7  8  9 10 11 12 13 14 15 16 17 18 19 20 21 22 23 24 25 26 27 |
---------------+----------------------------------------------------------------------------------+-----
Axes           | 3 4 5 6 8 9 11 12 14 15 16 17 18 19 20 21 22 23 24 25 26 | 26.9
Fighting       | 4 5 6 7 8 9 10 12 13 14 16 17 18 19 20 21 22 23 24 | 24.5
Armour         | 4 5 6 7 8 9 10 11 12 13 14 15 16 17 18 19 20 | 20.4
Shields        | 4 5 6 7 8 9 10 11 12 13 14 15 16 17 18 19 20 21 22 | 22.9
Throwing       | 1 2 3 4 6 8 9 10 11 12 13 | 13.3
Dodging        | 1 2 3 4 |  4.2
Invocations    | 3 4 5 8 9 10 11 12 | 12.6
Stealth        | 1 2 3 4 5 7 |  7.9
Evocations     | 2 5 7 9 10 | 10.9

Action                   |  1- 3 |  4- 6 |  7- 9 | 10-12 | 13-15 | 16-18 | 19-21 | 22-24 | 25-27 || total
-------------------------+-------+-------+-------+-------+-------+-------+-------+-------+-------++-------
Melee: War axe           |    73 |   183 |   339 |   418 |   888 |   967 |  1394 |  1169 |  1044 ||  6475
Throw: Stone             |     1 |    56 |   116 |   114 |    23 |    86 |     1 |       |       ||   397
       Tomahawk          |       |       |       |    35 |    50 |    91 |    82 |    24 |    48 ||   330
       Javelin           |       |       |       |    17 |   142 |    59 |    21 |       |       ||   239
       Throwing net      |       |       |       |       |       |       |     1 |       |     3 ||     4
Invok: Convert to Beogh  |       |     1 |       |       |       |       |       |       |       ||     1
       Smiting           |       |       |     4 |    29 |     9 |    16 |    27 |     6 |    21 ||   112
       Recall Orcish Fol |       |       |       |       |    26 |    10 |    24 |    11 |     6 ||    77
       Give Item to Name |       |       |       |       |     3 |       |     1 |     2 |     1 ||     7
       Resurrection      |       |       |       |       |       |     3 |     4 |     2 |     1 ||    10
 Abil: Evoke Berserk Rag |       |       |       |       |       |       |       |     3 |     4 ||     7
Evoke: Wand              |       |       |     1 |       |       |    21 |     4 |    14 |     8 ||    48
       Box of beasts     |       |       |       |       |       |     4 |       |       |     4 ||     8
       Sack of spiders   |       |       |       |       |       |     5 |     7 |     8 |       ||    20
       Phial of floods   |       |       |       |       |       |       |       |     1 |     1 ||     2
       Fan of gales      |       |       |       |       |       |       |       |     1 |       ||     1
  Use: Scroll            |     3 |     3 |     7 |     3 |    20 |     7 |    10 |    10 |    12 ||    75
       Potion            |       |     3 |     2 |     5 |     9 |     3 |     7 |    10 |    11 ||    50
 Stab: Invisible         |       |     4 |       |       |       |       |       |       |       ||     4
       Distracted        |       |       |       |     1 |     7 |     6 |    14 |    28 |    13 ||    69
       Paralysed         |       |       |       |       |       |       |       |     1 |       ||     1
       Held in net/web   |       |       |       |       |       |       |       |     3 |       ||     3
       Confused          |       |       |       |       |       |       |       |     1 |       ||     1
  Eat: Chunk             |     1 |     4 |     9 |    14 |    24 |    24 |    24 |    23 |    15 ||   138
       Ration            |       |     1 |     1 |     3 |     5 |     4 |     5 |     2 |     5 ||    26
Armor: Scale mail        |    22 |    27 |       |       |       |       |       |       |       ||    49
       Chain mail        |       |    36 |   140 |   131 |     8 |       |       |       |       ||   315
       Plate armour      |       |    23 |     8 |    32 |   360 |   545 |   402 |    72 |       ||  1442
       Gold dragon scale |       |       |       |       |       |       |       |   321 |   481 ||   802
       Crystal plate arm |       |       |       |       |       |       |       |   186 |       ||   186
Dodge: Dodged            |    15 |    36 |    65 |    84 |   157 |   224 |   237 |   287 |   236 ||  1341
       Deflected         |       |       |       |       |     2 |    16 |    23 |    25 |    30 ||    96
Block: Shield            |    34 |    74 |   126 |   212 |   436 |   572 |   636 |   733 |   740 ||  3563
